 Dungeon Crawl Stone Soup version 0.25.0-33-gff14898491 (webtiles) character file.

Game seed: 11784586694446207451

140 Revguard the Firebug (level 5, -3/46 HPs)
             Began as an Ogre Fire Elementalist on July 7, 2020.
             Slain by a wraith (7 damage)
             ... in an ossuary.
             The game lasted 00:09:03 (2703 turns).

Revguard the Firebug (Ogre Fire Elementalist)       Turns: 2703, Time: 00:09:05

Health: -3/46      AC:  3    Str: 11 (12) XL:     5   Next: 22%
Magic:  1/10       EV: 10    Int: 20 (22) God:
Gold:   108        SH:  0    Dex:  8 (10) Spells: 2/10 levels left

rFire    . . .     SeeInvis .   p - +0 flail
rCold    . . .     Gourm    .   (no shield)
rNeg     . . .     Faith    .   h - +0 robe {MR+}
rPois    .         Spirit   .   (helmet restricted)
rElec    .         Reflect  .   (no cloak)
rCorr    .         Harm     .   (gloves unavailable)
MR       +....                  (boots unavailable)
Stlth    +.........             (no amulet)
HPRegen  0.15/turn              a - +6 ring of intelligence
MPRegen  0.12/turn              (no ring)

@: slowed, very slow
A: large, unfitting armour, tough skin 1
a: no special abilities


You were in an ossuary.
You were not hungry.

You visited 1 branch of the dungeon, and saw 4 of its levels.
You also visited: Ossuary.

You collected 108 gold pieces.

Inventory:

Hand Weapons
 e - a +0 mace
 p - a +0 flail (weapon)
Armour
 h - a +0 robe of magic resistance (worn)
Jewellery
 a - a +6 ring of intelligence (left hand)
Scrolls
 f - 2 scrolls of remove curse
 g - a scroll of magic mapping
 i - a scroll of identify
 m - a scroll of enchant armour {unknown}
 o - 2 scrolls of teleportation {unknown}
Comestibles
 c - a ration


   Skills:
 + Level 0.6 Fighting
 + Level 0.5 Maces & Flails
 + Level 2.0 Dodging
 - Level 1.4 Stealth
 + Level 3.3 Spellcasting
 + Level 1.5 Conjurations
 * Level 0.7 Hexes
 + Level 4.1 Fire Magic


You had 2 spell levels left.
You knew the following spells:

 Your Spells              Type           Power        Failure   Level  Hunger
a - Foxfire               Conj/Fire      ##..         4%          1    None
b - Inner Flame           Hex/Fire       ##......     16%         3    ###....
c - Sticky Flame          Conj/Fire      ##......     38%         4    ####...

Your spell library contained the following spells:

 Spells                   Type           Power        Failure   Level  Hunger
 Conjure Flame            Conj/Fire      ##......     13%         3    ###....
 Fireball                 Conj/Fire      ##........   75%         5    ######.


Dungeon Overview and Level Annotations

Branches:
Dungeon (4/15)             Temple (0/1) D:4         Ossuary (1/1)

Altars:
Yredelemnul

Annotations:
D:4 Eustachio, Ijyb, Menkaure


Innate Abilities, Weirdness & Mutations

You are too large for most types of armour.
You have tough skin. (AC +1)


Message History

Confirm with . or Enter, or press ? or * to list all spells.
You conjure some foxfire!
The wraith barely misses you.
You hit the wraith.
The wraith is severely damaged.
The foxfire hits the wraith.
The wraith is severely damaged.
The foxfire hits the wraith but does no damage.
The wraith is severely damaged.
The wraith barely misses you. The wraith hits you.
* * * LOW HITPOINT WARNING * * *
The wraith drains your vigour!
You feel as though you will be slow longer.
You hit the wraith.
The wraith is almost destroyed.
The wraith hits you.
* * * LOW HITPOINT WARNING * * *
The wraith drains your vigour!
You feel as though you will be slow longer.
The wraith hits you!
You die...

.... #......## #..#
.8.. #...8...+ #..#
.....#+#......####..#
.....#.#............#
...............^....#
##.....####.####..#
+...8...'!#.ยง+ #..#
###....^####^####..#
.....^........@W....#
.....#.#............#
.....#+#......####..#
.8.. #...8..^+ #..#
... #......####.^#
... .....^....^...#
.. ^..............#
#..#.#..#^#..#.#..#
#.. #..#+#..#'#..#


You could see a wraith.

Vanquished Creatures
  A worker ant (D:2)
  A big kobold zombie (Ossuary)
  3 gnolls (D:3)
  3 adders (D:3)
  A worm (D:2)
  A leopard gecko (D:3)
  An orc (D:3)
  2 bats (D:1)
  2 giant cockroaches
  2 goblins
  8 hobgoblins
  2 ball pythons
  A frilled lizard (D:4)
  2 goblin zombies (Ossuary)
  3 hobgoblin zombies (Ossuary)
  4 kobolds (D:1)
  A kobold zombie (Ossuary)
  2 orc zombies (Ossuary)
  3 rats
43 creatures vanquished.

Vanquished Creatures (others)
  106 foxfires
106 creatures vanquished.

Grand Total: 149 creatures vanquished

Notes
Turn   | Place    | Note
-------+----------+-------------------------------------------
     0 | D:1      | Revguard the Ogre Fire Elementalist began the quest for the
                  | Orb.
     0 | D:1      | Reached XP level 1. HP: 16/16 MP: 3/3
   215 | D:1      | Reached skill level 1 in Conjurations
   215 | D:1      | Reached skill level 3 in Fire Magic
   215 | D:1      | Reached XP level 2. HP: 24/24 MP: 2/5
   915 | D:2      | Reached XP level 3. HP: 17/31 MP: 1/7
   938 | D:2      | Learned a level 3 spell: Inner Flame
  1303 | D:2      | Found a basalt altar of Yredelemnul.
  1768 | D:3      | Reached XP level 4. HP: 32/39 MP: 0/8
  1794 | D:3      | Reached skill level 4 in Fire Magic
  2023 | D:3      | You fall into a shaft and drop 1 floor!
  2025 | D:4      | Reached XP level 5. HP: 46/46 MP: 2/9
  2031 | D:4      | Learned a level 4 spell: Sticky Flame
  2033 | D:4      | Noticed Eustachio
  2034 | D:4      | Found a staircase to the Ecumenical Temple.
  2036 | D:4      | Noticed Menkaure
  2037 | D:4      | Noticed Ijyb
  2048 | D:4      | Found a sand-covered staircase.
  2055 | Ossuary  | Entered an ossuary
  2055 | Ossuary  | Noticed a wraith
  2055 | Ossuary  | Noticed a wraith
  2055 | Ossuary  | Noticed a wraith
  2631 | Ossuary  | Noticed a wraith
  2703 | Ossuary  | Slain by a wraith

Illustrated notes

Levels and vault maps discovered:
D:1:      wander_arrival_desolate, layout_basic
D:2:      layout_basic, yredelemnul_altar_generic, minmay_split_cup_small
D:3:      layout_basic, chequers_temple_overflow_statue_of_worship,
          chequers_ecumenical_altar_simple_redux, grunt_dithmenos_smoke
D:4:      layout_basic, minmay_temple_entry_mini_moons, first_ration,
          nicolae_ossuary_entry_plus, uniq_menkaure, uniq_ijyb, uniq_eustachio
Ossuary:  ossuary_kennysheep_city_of_the_dead

Skill      XL: |  1  2  3  4 |
---------------+-------------+-----
Conjurations   | 1 |  1.5
Fire Magic     | 3 4 |  4.1
Spellcasting   | 3 |  3.3
Dodging        | 2 |  2.0
Fighting       | |  0.6
Maces & Flails | |  0.5
Stealth        | |  1.4
Hexes          | |  0.7

Action                   |  1- 3 |  4- 6 || total
-------------------------+-------+-------++-------
Melee: Mace              |    13 |       ||    13
       Flail             |     2 |    24 ||    26
 Cast: Foxfire           |    37 |    32 ||    69
       Inner Flame       |     1 |     6 ||     7
  Use: Scroll            |     3 |     3 ||     6
       Potion            |       |     8 ||     8
 Stab: Sleeping          |     1 |       ||     1
  Eat: Chunk             |     2 |     2 ||     4
       Ration            |       |     1 ||     1
Armor: Robe              |     9 |    10 ||    19
       Skin              |       |     1 ||     1
Dodge: Dodged            |    15 |    31 ||    46
